 Dungeon Crawl Stone Soup version 0.31-a0-66-ge618eeaa78 (webtiles) character file.

Game seed: 11954625428199380788

242 Flugkiller the Grave Robber (level 5, -11/35 HPs)
             Began as an Octopode Necromancer on May 22, 2023.
             Was a Believer of Ru.
             Killed from afar by a steam dragon (16 damage)
             ... with a ball of steam
             ... on level 4 of the Dungeon.
             The game lasted 00:04:34 (2669 turns).

Flugkiller the Grave Robber (Octopode Necromancer)  Turns: 2669, Time: 00:04:34

Health: -11/35     AC:  5    Str:  8    XL:     5   Next: 9%
Magic:  0/8        EV: 14    Int: 17    God:    Ru [**....]
Gold:   225        SH:  0    Dex: 14    Spells: 7/8 levels left

rFire   . . .        e - +0 dagger
rCold   . . .        (no shield)
rNeg    . . .        (helmet restricted)
rPois   +            (no amulet)
rElec   .            p - +4 ring of protection
rCorr   .            o - ring of poison resistance
SInv    .            (no ring)
Will    .....        (no ring)
Stlth   ++++         (no ring)
HPRegen 0.25/turn    (no ring)
MPRegen 0.11/turn    (no ring)
                     (no ring)

%: no passive effects
@: invisible, unable to read
A: almost no armour, amphibious, 8 rings, camouflage 1, gelatinous body 1,
inability to read after injury 2, inexperienced 1, (nimble swimmer 1), tentacles
a: Renounce Religion


You were on level 4 of the Dungeon.
You worshipped Ru.
Ru was pleased with you.
You visited 2 branches of the dungeon, and saw 5 of its levels.

You collected 225 gold pieces.

Inventory:

Hand Weapons
 e - a +0 dagger (weapon)
   (You took it off a kobold on level 1 of the Dungeon)
Missiles
 h - 6 boomerangs
Jewellery
 o - a ring of poison resistance (right tentacle)
   (You found it on level 1 of the Dungeon)
 p - a +4 ring of protection (left tentacle)
   (You found it on level 2 of the Dungeon)
Scrolls
 c - a scroll of magic mapping
 g - a scroll of fear {unknown}
 k - a scroll of immolation {unknown}
 n - a scroll of enchant armour {unknown}
Potions
 a - a potion of magic
 d - a potion of degeneration {unknown}
 f - a potion of cancellation {unknown}
 i - a potion of ambrosia {unknown}
 j - 2 potions of attraction
 m - a potion of resistance {unknown}
 q - a potion of curing


   Skills:
 + Level 2.3 Fighting
 - Level 4.0 Dodging
 - Level 4.0 Stealth
 + Level 2.3 Spellcasting
 - Level 5.0 Necromancy


You had 7 spell levels left.
You knew the following spells:

 Your Spells              Type           Power      Damage    Failure   Level
a - Necrotise             Necr           72%        1d7       2%          1

Your spell library contained the following spells:

 Spells                   Type           Power      Damage    Failure   Level
 Vampiric Draining        Necr           18%        2d7       8%          3
 Animate Dead             Necr           18%        N/A       24%         4
 Ensorcelled Hibernation  Hex/Ice        0%         N/A       32%         2
 Passwall                 Tmut/Erth      0%         N/A       32%         2
 Swiftness                Air            1%         N/A       50%         3
 Spider Form              Tmut/Pois      0%         N/A       54%         3
 Agony                    Necr           18%        N/A       56%         5
 Anguish                  Hex/Necr       4%         N/A       58%         4


Dungeon Overview and Level Annotations

Branches:
Dungeon (4/15) Zot: 21424  Temple (1/1) D:4 Zot: 5907

Altars:
Ashenzari
Cheibriados
Dithmenos
Elyvilon
Fedhas
Nemelex Xobeh
Okawaru
Ru
Wu Jian
Yredelemnul
The Shining One

Annotations:
D:3 3 runed translucent doors, Returnofthet's ghost, amateur OgGl; funkygono's ghost, novice MiFi; sleepylion's ghost, amateur DEHs


Innate Abilities, Weirdness & Mutations

You cannot wear most types of armour.
You are amphibious.
You can wear up to eight rings at the same time.
Your skin changes colour to match your surroundings (Stealth+).
Your rubbery body absorbs attacks. (AC +1, EV +1)
You sometimes lose the ability to read scrolls when taking damage.
You are somewhat inexperienced. (-1 XL)
((You are camouflaged when in or above water. (Stealth+)))
You have tentacles for arms and can constrict up to eight enemies at once.


Message History

Casting: Necrotise (safe; 2% risk of failure)
Confirm with . or Enter, or press ? or * to list all spells.
Aiming: Necrotise (safe; 2% risk of failure)
Press: ? - help, Shift-Dir - straight line, f - orc
Aim: an orc, wielding a +0 hand axe, quivering stones and carrying a wand of polymorph (11) (ally target, chance to affect: 88%)
The orc writhes in agony.
The orc throws a stone.
The stone misses you.
Unknown command.
Casting: Necrotise (safe; 2% risk of failure)
Confirm with . or Enter, or press ? or * to list all spells.
Aiming: Necrotise (safe; 2% risk of failure)
Press: ? - help, Shift-Dir - straight line, f/p - orc
Aim: an orc, wielding a +0 hand axe, quivering stones and carrying a wand of polymorph (11) (almost dead, ally target, chance to affect: 88%)
The orc writhes in agony.
You kill the orc!
The dead are walking!
The orc barely misses your orc skeleton.
Unknown command.
Casting: Necrotise (safe; 2% risk of failure)
Confirm with . or Enter, or press ? or * to list all spells.
You can't see any susceptible monsters within range! (Use Z to cast anyway.) Unknown command.
The orc hits your orc skeleton with a +0 trident.
Your orc skeleton is destroyed!
Casting: Necrotise (safe; 2% risk of failure)
Confirm with . or Enter, or press ? or * to list all spells.
Aiming: Necrotise (safe; 2% risk of failure)
Press: ? - help, Shift-Dir - straight line, f - orc
Aim: an orc, wielding a +0 trident (ally target, chance to affect: 88%)
The orc writhes in agony.
Your orc skeleton barely misses the orc.
The steam dragon bites your orc skeleton!
Your orc skeleton is destroyed!
Casting: Necrotise (safe; 2% risk of failure)
Confirm with . or Enter, or press ? or * to list all spells.
Aiming: Necrotise (safe; 2% risk of failure)
Press: ? - help, Shift-Dir - straight line, f/p - orc
Aim: an orc, wielding a +0 trident (moderately wounded, chance to affect: 88%)
The orc writhes in agony.
Casting: Necrotise (safe; 2% risk of failure)
Confirm with . or Enter, or press ? or * to list all spells.
Aiming: Necrotise (safe; 2% risk of failure)
Press: ? - help, Shift-Dir - straight line, f/p - orc
Aim: an orc, wielding a +0 trident (almost dead, chance to affect: 88%)
The orc writhes in agony.
You kill the orc!
The dead are walking!
Casting: Necrotise (safe; 2% risk of failure)
Confirm with . or Enter, or press ? or * to list all spells.
Aiming: Necrotise (safe; 2% risk of failure)
Press: ? - help, Shift-Dir - straight line, f - steam dragon
Aim: a steam dragon (ally target, chance to affect: 76%)
The steam dragon writhes in agony.
Casting: Necrotise (safe; 2% risk of failure)
Confirm with . or Enter, or press ? or * to list all spells.
Aiming: Necrotise (safe; 2% risk of failure)
Press: ? - help, Shift-Dir - straight line, f/p - steam dragon
Aim: a steam dragon (lightly wounded, ally target, chance to affect: 76%)
The steam dragon writhes in agony.
Casting: Necrotise (safe; 2% risk of failure)
Confirm with . or Enter, or press ? or * to list all spells.
You don't have enough magic to cast this spell.
Casting: Necrotise (safe; 2% risk of failure)
Confirm with . or Enter, or press ? or * to list all spells.
You don't have enough magic to cast this spell.
You closely miss the steam dragon.
The steam dragon is lightly wounded.
The steam dragon bites you. The steam dragon closely misses you.
You hit the steam dragon but do no damage.
The steam dragon is lightly wounded.
Your orc skeleton barely misses the steam dragon.
The steam dragon closely misses you. The steam dragon claws you.
You hit the steam dragon.
You tentacle-slap the steam dragon, but do no damage.
The steam dragon is moderately wounded.
The steam dragon bites you!
The steam dragon claws you but does no damage.
Your orc skeleton completely misses the steam dragon.
You hit the steam dragon but do no damage.
The steam dragon is moderately wounded.
The steam dragon bites you!
You feel threatened and lose the ability to read scrolls!
You focus your inner power and illuminate the steam dragon in retribution!
The steam dragon claws you.
Unknown command.
You feel better.
Your orc skeleton hits the steam dragon but does no damage.
The steam dragon breathes steam at you. The ball of steam hits you!!
Ouch! That really hurt!
* * * LOW HITPOINT WARNING * * *
You cannot read scrolls in your current state!
Unknown command.
Your orc skeleton closely misses the steam dragon.
Unknown command.
You cannot read scrolls in your current state!
Unknown command.
You fade into invisibility!
The steam dragon breathes steam at you. The ball of steam hits you!
You die...

.........# ..
.........###### ..####
..............### ..'...
................. ..#<..#
#####...###...... .....).
###.# #.#.... #...).)######
#.###......
#...........#####.##.....##
#.......ZD@.'..##.##..##.##
#........§§§##....##.......
#........§.§##.######.#....
#.........§.##.####...#....
#...........#####..........
.......###### #.....#..##
....... #.....#.## .......
#########......... ....
.............##...#


You could see a steam dragon (unable to see you, catching breath, corona, ally
target) and a friendly orc skeleton.

Vanquished Creatures
  A jelly (D:4)
  3 orc priests (D:4)
  Jessica (D:2)
  2 adders (D:2)
  3 worms
  4 dart slugs
  7 orcs (D:4)
  6 bats
  3 endoplasms
  3 giant cockroaches
  A hobgoblin (D:3)
  3 jackals (D:2)
  A quokka (D:4)
  4 ball pythons
  A frilled lizard (D:2)
  4 goblins
  2 kobolds (D:1)
  11 rats
60 creatures vanquished.

Vanquished Creatures (collateral kills)
  A jackal (D:2)
  A ball python (D:2)
2 creatures vanquished.

Grand Total: 62 creatures vanquished

Notes
Turn   | Place    | Note
-------+----------+-------------------------------------------
     0 | D:1      | Flugkiller the Octopode Necromancer began the quest for the
                  | Orb.
     0 | D:1      | Reached XP level 1. HP: 11/11 MP: 3/3
     9 | D:1      | Noticed a centaur
    48 | D:1      | Reached skill level 1 in Fighting
   111 | D:1      | Found a faded altar of an unknown god.
   123 | D:1      | Prayed at the altar of an unknown god.
   123 | D:1      | Became a worshipper of Ru the Awakened
   127 | D:1      | Gained mutation: You occasionally lose the ability to read
                  | scrolls when taking damage. [Ru sacrifice]
   127 | D:1      | Gained mutation: You sometimes lose the ability to read
                  | scrolls when taking damage. [Ru sacrifice]
   127 | D:1      | Reached * piety under Ru
   172 | D:1      | Reached XP level 2. HP: 18/18 MP: 1/5
   635 | D:2      | Reached XP level 3. HP: 24/24 MP: 6/6
   769 | D:2      | Noticed Jessica
   776 | D:2      | Killed Jessica
   777 | D:2      | Reached skill level 5 in Necromancy
   777 | D:2      | Reached XP level 4. HP: 29/29 MP: 3/7
  1324 | D:3      | Found a shadowy altar of Dithmenos.
  1413 | D:3      | Found a sacrificial altar of Ru.
  1413 | D:3      | Found an iron altar of Okawaru.
  1581 | D:3      | Found a runed translucent gate.
  1582 | D:3      | Found a runed translucent gate.
  1582 | D:3      | Found a runed translucent gate.
  1583 | D:3      | Noticed funkygono's ghost (novice MiFi)
  1584 | D:3      | Noticed Returnofthet's ghost (amateur OgGl)
  1584 | D:3      | Noticed sleepylion's ghost (amateur DEHs)
  2068 | D:4      | Reached XP level 5. HP: 34/34 MP: 3/8
  2348 | D:4      | Found a staircase to the Ecumenical Temple.
  2362 | D:4      | Gained mutation: You are somewhat inexperienced. (-1 XL)
                  | [Ru sacrifice]
  2362 | D:4      | Reached XP level 4. HP: 29/29 MP: 6/7
  2362 | D:4      | Reached ** piety under Ru
  2367 | Temple   | Entered the Ecumenical Temple
  2484 | D:4      | Noticed a steam dragon
  2492 | D:4      | Reached XP level 5. HP: 34/34 MP: 0/8
  2669 | D:4      | Killed from afar by a steam dragon

Illustrated notes

Levels and vault maps discovered:
D:1:      evilmike_arrival_come_back, layout_basic, basic_ecumenical_altar
D:2:      layout_rooms, hangedman_decor_push, uniq_jessica
D:3:      layout_loops_ring, grunt_dithmenos_smoke_and_mirrors,
          gammafunk_temple_overflow_statue, gammafunk_ghost_cemetery
D:4:      layout_basic, regret_index_temple_of_mockery,
          minmay_temple_entry_trees, st_stairs_12, minmay_snake_closets
Temple:   oiseaux_autumnal_temple

Skill      XL: |  1  2  3  4 |
---------------+-------------+-----
Fighting       | 1 2 |  2.3
Necromancy     | 5 |  5.0
Stealth        | 4 |  4.0
Dodging        | 4 |  4.0
Spellcasting   | |  2.3

Action                     |  1- 3 |  4- 6 || total
---------------------------+-------+-------++-------
  Melee: Unarmed           |    18 |       ||    18
         Constrict         |     8 |     5 ||    13
         Dagger            |     5 |    20 ||    25
         Tentacles         |     1 |     3 ||     4
         Punch             |     1 |     1 ||     2
   Cast: Necrotise         |    30 |    81 ||   111
 Invoke: Sacrifice Words   |     1 |       ||     1
         Sacrifice Experie |       |     1 ||     1
    Use: Scroll            |       |     4 ||     4
         Potion            |       |     3 ||     3
   Stab: Sleeping          |     2 |       ||     2
         Invisible         |       |     1 ||     1
 Armour: Skin              |     4 |     3 ||     7
  Dodge: Dodged            |    14 |    21 ||    35

Table legend: (Time is in decaauts)
 A = Elapsed time spent in this place.
 B = Non-inter-level travel time spent in this place.
 C = Inter-level travel time spent in this place.
 D = Time resting spent in this place.
 E = Time spent auto-exploring this place.
 F = Levels seen in this place.
 G = Mean time per level.
                   A        B        C        D        E       F      G
               +--------+--------+--------+--------+--------+-----+--------+
         Total |   2667 |   2550 |    117 |    423 |   1610 |   5 |  533.4 |
       Dungeon |   2574 |   2481 |     93 |    423 |   1550 |   4 |  643.5 |
        Temple |     92 |     68 |     24 |      0 |     60 |   1 |   92.0 |
               +--------+--------+--------+--------+--------+-----+--------+

Top non-repeatable levels by time:
     D:3: 744 daAuts
     D:4: 687 daAuts
     D:1: 632 daAuts
     D:2: 509 daAuts
  Temple: 92 daAuts
